 Dungeon Crawl Stone Soup version 0.29.1-13-g9f3cf754e1 (webtiles) character file.

Game seed: 9238057195770964391

208 shadowmeld the Insei (level 6, -11/43 HPs)
             Began as a Djinni Transmuter on Jan 29, 2023.
             Killed by divine providence
             ... invoked by an orc priest
              (12 damage)
             ... on level 4 of the Dungeon.
             The game lasted 00:15:20 (4445 turns).

shadowmeld the Insei (Djinni Transmuter)            Turns: 4445, Time: 00:15:22

Health: -11/43     AC:  6    Str:  9    XL:     6   Next: 11%
Gold:   132        EV: 11    Int: 17    God:
                   SH:  0    Dex: 13

rFire   + . .      SeeInvis .     - Unarmed
rCold   . . .      Faith    .   (no shield)
rNeg    . . .      Spirit   .   u - +0 ring mail
rPois   ∞          Reflect  .   r - +1 hat
rElec   .          Harm     .   (no cloak)
rCorr   .          Rampage  .   (no gloves)
Will    +....                   (boots unavailable)
Stlth   +.........              (no amulet)
HPRegen 0.14/turn               g - ring of ice
MPRegen 0.00/turn               k - ring of willpower

@: flying
A: sickness immunity, fire resistance 2, cold vulnerability 1, float, innate
caster, HP casting, extra vitality 1
a: no special abilities


You were on level 4 of the Dungeon.
You visited 1 branch of the dungeon, and saw 4 of its levels.

You collected 132 gold pieces.

Inventory:

Missiles
 f - 3 poisoned darts
Armour
 n - a +0 chain mail
 q - a +0 buckler
 r - a +1 hat (worn)
 u - a +0 ring mail (worn)
Jewellery
 g - a ring of ice (left hand)
 k - a ring of willpower (right hand)
Scrolls
 c - 4 scrolls of immolation
 d - 2 scrolls of teleportation {unknown}
 e - a scroll of blinking {unknown}
 h - 2 scrolls of enchant armour {unknown}
 i - 3 scrolls of fear
 j - a scroll of butterflies {unknown}
 l - a scroll of vulnerability {unknown}
 o - a scroll of noise {unknown}
 t - a scroll of amnesia {unknown}
Potions
 a - a potion of heal wounds {unknown}
 b - a potion of lignification
 m - a potion of brilliance {unknown}
 p - a potion of curing {unknown}
 s - a potion of flight {unknown}


   Skills:
 * Level 2.1 Fighting
 * Level 2.2 Armour
 * Level 3.2 Dodging
 + Level 4.1 Unarmed Combat
 * Level 2.5 Spellcasting


You couldn't memorise any spells.
You knew the following spells:

 Your Spells              Type           Power      Damage    Failure   Level
a - Beastly Appendage     Tmut           20%        N/A       19%         1
b - Wereblood             Tmut           10%        N/A       26%         2
c - Spider Form           Tmut/Pois      10%        N/A       47%         3
d - Ice Form              Ice/Tmut       15%        N/A       87%         4
e - Necrotise             Necr           40%        1d6       19%         1
f - Static Discharge      Conj/Air       10%        3-5/arc   26%         2
Your spell library was empty.

Dungeon Overview and Level Annotations

Branches:
Dungeon (4/15)
 Temple: D:4-7

Altars:
Qazlal
Trog
Uskayaw


Innate Abilities, Weirdness & Mutations

You are immune to sickness and miasma.
You are immune to poison.
Your flesh is very heat resistant. (rF++)
You are vulnerable to cold. (rC-)
You float through the air rather than walking.
You learn spells naturally, not from books.
Your magical power is your life essence.
You have superior vitality. (+4 MHP)


Message History

You hit the orc but do no damage. Your headbutt misses the orc.
The orc is moderately wounded.
The orc hits you with a +0 dagger.
You hit the orc but do no damage. Your headbutt misses the orc.
The orc is moderately wounded.
The orc hits you but does no damage.
The orc priest invokes the aid of Beogh against you.
Pain shoots through your body!
You closely miss the orc.
The orc is moderately wounded.
The orc hits you with a +0 dagger.
* * * LOW HITPOINT WARNING * * *
The orc priest hits you with a +0 falchion!
* * * LOW HITPOINT WARNING * * *
You hit the orc priest.
The orc priest is lightly wounded.
The orc priest hits you with a +0 falchion.
* * * LOW HITPOINT WARNING * * *
You closely miss the orc priest. Your headbutt misses the orc priest.
The orc priest is lightly wounded.
The orc priest hits you but does no damage.
You hit the orc priest but do no damage.
The orc priest is lightly wounded.
You barely miss the orc. Your headbutt misses the orc.
The orc is moderately wounded.
You closely miss the orc. You headbutt the orc.
The orc is severely wounded.
The orc hits you with a +0 dagger.
* * * LOW HITPOINT WARNING * * *
You hit the orc. Your headbutt misses the orc.
The orc is severely wounded.
The orc hits you with a +0 dagger.
* * * LOW HITPOINT WARNING * * *
You barely miss the orc. You headbutt the orc, but do no damage.
The orc is severely wounded.
Your horns disappear.
Your +1 hat unmelds from your body.
The orc priest mumbles some strange prayers to Beogh against you.
Beogh smites you!
You die...

### ..# #.# #.#
######### ##.##
......... ... .........
#.# ########. #)#
#######. #@# ........
..####o####.# #######.
#.....o...#.##########.
#......(..#.#..........
#.........#.#.#######..
#.........#.#.# #..
[..........#.#.#######.#
###...#...)#...##......#
###...#.)....##.####.#


You could see an orc priest and an orc.

Vanquished Creatures
  2 hounds (D:4)
  An iguana (D:4)
  4 adders
  5 dart slugs
  4 orcs
  4 bats
  8 endoplasms
  4 giant cockroaches
  6 hobgoblins
  4 jackals (D:3)
  4 quokkas
  5 ball pythons
  5 frilled lizards
  8 goblins
  4 kobolds
  4 rats
72 creatures vanquished.

Notes
Turn   | Place    | Note
-------+----------+-------------------------------------------
     0 | D:1      | shadowmeld the Djinni Transmuter began the quest for the
                  | Orb.
     0 | D:1      | shadowmeld set off with the following spells memorised:
                  | Beastly Appendage, Wereblood, Spider Form, Ice Form.
     0 | D:1      | Reached XP level 1. HP: 17/17 MP: 0/0
   327 | D:1      | Reached XP level 2. HP: 15/22 MP: 0/0
   805 | D:1      | Reached XP level 3. HP: 18/27 MP: 0/0
   805 | D:1      | Learned a level 1 spell: Necrotise
  1787 | D:2      | Reached XP level 4. HP: 26/32 MP: 0/0
  1936 | D:2      | Reached skill level 1 in Armour
  2303 | D:2      | Found a faded altar of an unknown god.
  2409 | D:2      | Found a hide-covered altar of Uskayaw.
  3510 | D:3      | Reached XP level 5. HP: 31/38 MP: 0/0
  3510 | D:3      | Learned a level 2 spell: Static Discharge
  3576 | D:3      | Found a bloodstained altar of Trog.
  4030 | D:4      | Found a stormy altar of Qazlal.
  4049 | D:4      | Reached skill level 4 in Unarmed Combat
  4270 | D:4      | Reached XP level 6. HP: 39/43 MP: 0/0
  4444 | D:4      | HP: 1/43 [orc/+0 dagger (2)]
  4445 | D:4      | Killed from afar by an orc priest

Illustrated notes

Levels and vault maps discovered:
D:1:      minmay_arrival_solitary_statue, layout_basic
D:2:      layout_loops_cross, shapermc_ecumenical_altar_totnotflames,
          basic_altar, serial_co_window_serial, co_window_corner_a,
          co_window_corner_a, co_window_paths_a, co_window_of_opportunity_a,
          co_window_paths_a, co_window_of_opportunity_a, co_window_corner_ca,
          co_window_2corner, co_window_2corner, co_window_broadway_c,
          co_window_paths_c, co_window_of_opportunity_c,
          co_window_unsneaky_path_a, glass_columns_c, glass_columns_a,
          glass_columns_a, grunt_decor_resistance
D:3:      layout_basic, mainiacjoe_overflow_cross_hatched
D:4:      layout_basic, nicolae_qazlal_scattered_showers, serial_glass,
          glass_columns_a, glass_columns_a, nicolae_wooded_promenade

Skill      XL: |  1  2  3  4  5 |
---------------+----------------+-----
Spellcasting   | 2 |  2.5
Armour         | 1 2 |  2.2
Dodging        | 3 |  3.2
Unarmed Combat | 4 |  4.1
Fighting       | 2 |  2.1

Action                   |  1- 3 |  4- 6 || total
-------------------------+-------+-------++-------
Melee: Unarmed           |   131 |   216 ||   347
       Headbutt          |    14 |    12 ||    26
       Punch             |     1 |     4 ||     5
 Cast: Beastly Appendage |    18 |    17 ||    35
  Use: Scroll            |       |     2 ||     2
Armor: Robe              |    17 |       ||    17
       Ring mail         |    28 |    30 ||    58
       Chain mail        |       |    80 ||    80
Dodge: Dodged            |    81 |    79 ||   160
